 Dungeon Crawl Stone Soup version 0.26-a0-291-g3d11bbfad5 (webtiles) character file.

Game seed: 16991884865551634520

1157 ANON1729 the Ogre Mage (level 8, -6/67 HPs)
             Began as an Ogre Fire Elementalist on July 14, 2020.
             Mangled by an orc warrior
             ... wielding a +0 dire flail
              (15 damage)
             ... on level 7 of the Dungeon.
             The game lasted 00:16:15 (6681 turns).

ANON1729 the Ogre Mage (Ogre Fire Elementalist)     Turns: 6681, Time: 00:16:16

Health: -6/67      AC:  3    Str: 13    XL:     8   Next: 39%
Magic:  5/16       EV: 15    Int: 18    God:
Gold:   129        SH:  0    Dex:  9    Spells: 10/18 levels left

rFire    . . .     SeeInvis .   d - +0 dagger
rCold    . . .     Faith    .   (no shield)
rNeg     . . .     Spirit   .   a - +0 robe
rPois    .         Reflect  .   (helmet restricted)
rElec    .         Harm     .   (no cloak)
rCorr    .                      (gloves unavailable)
MR       .....                  (boots unavailable)
Stlth    ++........             (no amulet)
HPRegen  0.21/turn              n - +4 ring of evasion
MPRegen  0.15/turn              (no ring)

@: no status effects
A: large, unfitting armour, tough skin 1
a: no special abilities


You were on level 7 of the Dungeon.
You visited 1 branch of the dungeon, and saw 6 of its levels.
You also visited: Ossuary.

You collected 129 gold pieces.

Inventory:

Hand Weapons
 d - a +0 dagger (weapon)
Armour
 a - a +0 robe (worn)
Jewellery
 m - an uncursed amulet of regeneration
 n - a +4 ring of evasion (left hand)
Scrolls
 b - 3 scrolls of teleportation
 c - a scroll of brand weapon {unknown}
 g - a scroll of enchant armour {unknown}
 h - a scroll of immolation {unknown}
 i - a scroll of fear {unknown}
 l - a scroll of blinking {unknown}
 o - 3 scrolls of amnesia
 q - a scroll of magic mapping {unknown}
 r - a scroll of enchant weapon {unknown}
 z - a scroll of remove curse
Potions
 e - a potion of heal wounds {unknown}
 f - 2 potions of resistance {unknown}
 j - 3 potions of curing
 k - 4 potions of haste
 p - 7 potions of might
 s - 3 potions of lignification {unknown}
 u - 2 potions of invisibility {unknown}
 v - a potion of flight {unknown}
 w - a potion of stabbing {unknown}
 x - a potion of berserk rage {unknown}


   Skills:
 + Level 3.9 Dodging
 - Level 2.4 Stealth
 * Level 5.8 Spellcasting
 * Level 4.4 Conjurations
 * Level 5.1 Fire Magic


You had 10 spell levels left.
You knew the following spells:

 Your Spells              Type           Power        Failure   Level
a - Foxfire               Conj/Fire      ###.         1%          1
b - Conjure Flame         Conj/Fire      ###.....     4%          3
c - Sticky Flame          Conj/Fire      ###.....     17%         4

Your spell library contained the following spells:

 Spells                   Type           Power        Failure   Level
 Shock                    Conj/Air       ##..         4%          1
 Inner Flame              Hex/Fire       ##......     13%         3
 Static Discharge         Conj/Air       ##......     14%         3
 Swiftness                Chrm/Air       #.......     19%         2
 Fireball                 Conj/Fire      ###.......   43%         5
 Airstrike                Air            #.........   77%         4
 Lightning Bolt           Conj/Air       ##........   80%         5


Dungeon Overview and Level Annotations

Branches:
Dungeon (7/15)            Ossuary (visited)
 Temple: D:4-7

Altars:
Kikubaaqudgha
Makhleb
Nemelex Xobeh
Okawaru
Zin


Innate Abilities, Weirdness & Mutations

You are too large for most types of armour.
You have tough skin. (AC +1)


Message History

The orc warrior hits you with a +0 dire flail!
Casting: Foxfire (safe; 1% risk of failure)
Confirm with . or Enter, or press ? or * to list all spells.
You conjure some foxfire!
The foxfire hits the orc warrior but does no damage.
The orc warrior is heavily wounded.
The foxfire hits the orc warrior but does no damage.
The orc warrior is heavily wounded.
The orc wizard misses you.
Casting: Foxfire (safe; 1% risk of failure)
Confirm with . or Enter, or press ? or * to list all spells.
You conjure some foxfire!
The foxfire hits the orc.
The orc is heavily wounded.
The orc warrior hits you with a +0 dire flail!!
* * * LOW HITPOINT WARNING * * *
The orc wizard misses you.
You feel better.
The foxfire hits the orc but does no damage.
The orc warrior hits you with a +0 dire flail!
You die...

#######
#.ยง...#
#..@o.#
#.ooo.#
###
#.....#
##..
#.....#
#..)
#.....#
#..#
#.....#
#...
#.....#
######.#
###..##
#....#.#
#..#
##.##.#.#


You could see an orc warrior, an orc wizard and 2 orcs.

Vanquished Creatures
  A phantom (D:3)
  2 sky beasts (D:7)
  2 centaurs (D:7)
  A bullfrog (D:7)
  2 centaur zombies (Ossuary)
  An orc priest (D:7)
  A hound (D:7)
  4 human zombies (Ossuary)
  A bullfrog skeleton (D:7)
  2 iguanas
  A centaur skeleton (D:7)
  Terence (D:3)
  2 worker ants (D:7)
  3 mummies
  5 adders
  6 gnolls (D:2)
  5 oozes (D:1)
  2 worms
  A dart slug (D:1)
  4 leopard geckos
  5 orcs
  2 ball pythons
  6 bats
  4 giant cockroaches
  A gnoll zombie (Ossuary)
  7 goblins
  8 hobgoblins
  9 jackals (D:1)
  7 kobolds
  A quokka (D:2)
  A frilled lizard (D:1)
  A goblin zombie (Ossuary)
  3 rats
102 creatures vanquished.

Vanquished Creatures (others)
  506 foxfires
506 creatures vanquished.

Grand Total: 608 creatures vanquished

Notes
Turn   | Place    | Note
-------+----------+-------------------------------------------
     0 | D:1      | ANON1729 the Ogre Fire Elementalist began the quest for the
                  | Orb.
     0 | D:1      | Reached XP level 1. HP: 16/16 MP: 3/3
     1 | D:1      | Found a runed translucent door.
    50 | D:1      | Reached skill level 1 in Conjurations
   157 | D:1      | Reached XP level 2. HP: 24/24 MP: 2/5
  1067 | D:1      | Reached XP level 3. HP: 27/31 MP: 5/7
  1849 | D:1      | Reached XP level 4. HP: 35/39 MP: 2/8
  2213 | D:2      | Reached XP level 5. HP: 45/45 MP: 6/9
  2794 | D:2      | Found a burning altar of Makhleb.
  2894 | D:2      | Found a faded altar of an unknown god.
  3382 | D:3      | Noticed Terence
  3428 | D:3      | HP: 1/45 [Terence/+0 flail (3)]
  3441 | D:3      | Killed Terence
  3990 | D:3      | Found a glowing silver altar of Zin.
  4070 | D:3      | Reached XP level 6. HP: 51/53 MP: 6/11
  4155 | D:3      | Found an iron altar of Okawaru.
  4203 | D:3      | Noticed a phantom
  4267 | D:3      | Killed a phantom
  4447 | D:3      | Found a sparkling altar of Nemelex Xobeh.
  4616 | D:4      | Found an ancient bone altar of Kikubaaqudgha.
  4805 | D:4      | You fall into a shaft and drop 1 floor!
  4805 | D:5      | Entered Level 5 of the Dungeon
  4806 | D:5      | You fall into a shaft and drop 2 floors!
  5079 | D:7      | Found a sand-covered staircase.
  5097 | Ossuary  | Entered an ossuary
  5247 | Ossuary  | Reached XP level 7. HP: 47/59 MP: 8/13
  5457 | Ossuary  | Learned a level 3 spell: Conjure Flame
  5462 | Ossuary  | Learned a level 4 spell: Sticky Flame
  6144 | D:7      | Reached skill level 5 in Spellcasting
  6222 | D:7      | Reached XP level 8. HP: 51/67 MP: 1/16
  6428 | D:7      | Reached skill level 5 in Fire Magic
  6680 | D:7      | HP: 2/67 [orc warrior/+0 dire flail (21)]
  6681 | D:7      | Mangled by an orc warrior

Illustrated notes

Levels and vault maps discovered:
D:1:      dpeg_arrival_caged_fury, layout_basic
D:2:      layout_loops_ring, lemuel_coloured_pillars_altar,
          chequers_ecumenical_altar_simple, minmay_misc_feat_secret_circle
D:3:      layout_basic, nemelex_altar_shiori, zin_scriptorium,
          okawaru_gym_becter, chequers_serial_rivers_large_a, uniq_terence
D:4:      layout_rooms, kiku_gazebo_garden_becter, dancing_weapons_uskayaw,
          minmay_temple_entry_antechambers
D:5:      layout_rooms, serial_shops, shop, kennysheep_generic_room_15
D:7:      layout_rooms, gup_ossuary_entry_pyramid

Skill      XL: |  1  2  3  4  5  6  7  8 |
---------------+-------------------------+-----
Conjurations   | 1 2 3 4 |  4.4
Dodging        | 2 3 |  3.9
Fire Magic     | 3 4 5 |  5.1
Spellcasting   | 3 4 5 |  5.8
Stealth        | 2 |  2.4

Action                   |  1- 3 |  4- 6 |  7- 9 || total
-------------------------+-------+-------+-------++-------
Melee: Dagger            |    79 |    41 |     4 ||   124
       Unarmed           |     8 |       |       ||     8
 Cast: Foxfire           |    36 |   144 |   114 ||   294
       Conjure Flame     |       |       |     2 ||     2
  Use: Scroll            |       |     1 |    13 ||    14
       Potion            |       |     1 |     1 ||     2
 Stab: Sleeping          |       |     1 |       ||     1
Armor: Robe              |    26 |    22 |     6 ||    54
Dodge: Dodged            |    64 |    72 |    29 ||   165

Table legend:
 A = Non-vault XP
 B = Vault XP
 C = Vault XP percentage of total XP
 D = Non-vault monster count
 E = Vault monster count
 F = Vault count percentage of total count
                 A         B        C        D         E       F
            +---------+---------+-------+---------+---------+-------
      Total |    1254 |     400 |  24.2 |      79 |      23 |  22.5
            +---------+---------+-------+---------+---------+-------
        D:1 |      50 |      45 |  47.4 |      27 |      11 |  28.9
        D:2 |     168 |       0 |   0.0 |      20 |       0 |   0.0
        D:3 |     168 |      36 |  17.6 |      11 |       1 |   8.3
        D:4 |      36 |       0 |   0.0 |       5 |       0 |   0.0
        D:7 |     832 |      18 |   2.1 |      16 |       1 |   5.9
    Ossuary |       0 |     301 | 100.0 |       0 |      10 | 100.0
            +---------+---------+-------+---------+---------+-------
